 Dungeon Sprint DCSS version 0.18-a0-270-ga9d907f (webtiles) character file.

0 rb10c the Caller (level 1, -2/10 HPs)
             Began as a Deep Elf Summoner on Nov 26, 2015.
             Was an Initiate of Gozag.
             Slain by an adder (4 damage)
             ... in the Dungeon (Sprint VI: "Thunderdome").
             The game lasted 00:00:37 (113 turns).

rb10c the Caller (Deep Elf Summoner)                 Turns: 113, Time: 00:00:37

Health: -2/10      AC:  2    Str:  5    XL:     1   Next: 25%
Magic:  6/6        EV: 13    Int: 19    God:    Gozag
Gold:   155        SH:  0    Dex: 15    Spells: 1 memorised, 5 levels left

rFire  . . .     SeeInvis .     (no weapon)
rCold  . . .     Clarity  .     a - +0 robe
rNeg   . . .     SustAt   .     (no shield)
rPois  .         Gourm    .     (no helmet)
rElec  .         Spirit   .     (no cloak)
rCorr  .         Warding  .     (no gloves)
rMut   .         NoTele   +     (no boots)
MR     .....                    (no amulet)
Stlth  ++........               (no ring)
                                (no ring)

@: lethally poisoned (-2 -> -13), not resistant to hostile enchantments,
unstealthy
A: no striking features
a: Potion Petition, Call Merchant, Bribe Branch, Renounce Religion


You were in the Dungeon.
You worshipped Gozag.
Gozag was noncommittal.
You were not hungry.

You visited 1 branch You collected 211 gold pieces.
You paid 56 gold pieces to Gozag.

Inventory:

Armour
 a - a +0 robe (worn)
Wands
 k - a wand of cold (5)
 l - a wand of fire (5)
Scrolls
 i - 4 scrolls of blinking
 m - 3 scrolls of fog
Potions
 d - a potion of curing
 e - 4 potions of heal wounds
 f - 4 potions of haste
 g - 2 potions of magic
 h - a potion of berserk rage
 j - a potion of resistance
Books
 b - a book of Callings

   Spells                             Type                      Level
   a - Summon Small Mammal            Summoning                    1
   b - Call Imp                       Summoning                    2
   c - Call Canine Familiar           Summoning                    3
   d - Summon Guardian Golem          Hexes/Summoning              3
   e - Summon Lightning Spire         Summoning/Air                4
   f - Summon Ice Beast               Ice/Summoning                4
Comestibles
 c - a bread ration


   Skills:
 - Level 2.4 Dodging
 - Level 2.4 Stealth
 - Level 3.0 Spellcasting
 + Level 5.2 Summonings


You had 5 spell levels left.
You knew the following spells:

 Your Spells              Type           Power        Failure   Level  Hunger
a - Summon Small Mammal   Summ           ###.         1%          1    None


Dungeon Overview and Level Annotations

Branches:
Dungeon (1/1)

Altars:
Cheibriados
Dithmenos
Fedhas
Gozag
Kikubaaqudgha
Makhleb
Okawaru
Qazlal
Ru
Sif Muna
Trog
Vehumet
Xom
Yredelemnul
Zin
The Shining One
Jiyva
Lugonu

Shops:
D *[%?*?*:[((!!!!


Message History

Found Pokloon's Bee Food.
Unknown command.
Found Meur's Jewellery and Zomitz's Advanced Armour.
An adder comes into view.
The adder bites you.
You are lethally poisoned!
The adder poisons you!
There is a lethal amount of poison in your body!
You hit the adder but do no damage.
You feel sick. The adder barely misses you.
You hit the adder.
The adder is lightly wounded.
Your rat bites the adder.
The adder misses you.
A worm comes into view.
You barely miss the adder.
The adder is moderately wounded.
You feel sick. The adder bites you.
* * * LOW HITPOINT WARNING * * *
Your rat closely misses the adder.
The adder bites you.
You die...
Your body crumbles into a pile of gold.

##.....## ##∩.....∩##
#∩.......∩# #_......._#
#_......._# #_........#
###.........###
#Sr.........)⌠#
######@8.........8.####
#∩__.......###........_
#∩........8.# #.8.......
............###.........
.........###...###......
.........# #.<.# #......
.........###...###......
.....w......###.........
∩........8.# #.8.......


You could see a worm (wandering), an adder and a friendly rat.

Vanquished Creatures (collateral kills)
  A goblin (D)
  A rat (D)
2 creatures vanquished.

Notes
Turn   | Place    | Note
--------------------------------------------------------------
     0 | D        | rb10c the Deep Elf Summoner began the quest for the Orb.
     0 | D        | Reached XP level 1. HP: 10/10 MP: 6/6
     2 | D        | Found a bloodstained altar of Trog.
     3 | D        | Found a viscous altar of Jiyva.
     3 | D        | Found a snail-covered altar of Cheibriados.
     4 | D        | Found a stormy altar of Qazlal.
     4 | D        | Found an ancient bone altar of Kikubaaqudgha.
     4 | D        | Found Noji's Staff Store.
     4 | D        | Found Sydd's Magic Scroll Shop.
     5 | D        | Found an iron altar of Okawaru.
     5 | D        | Found Ommidgh Zofi's Must-Have Magic.
     5 | D        | Found Erey's Magic Scroll Shop.
     5 | D        | Round 1.
    17 | D        | Found Rott's Distillery.
    17 | D        | Found Qiep's Distillery.
    18 | D        | Found Tuts's Bottled Wisdom.
    19 | D        | Found a sacrificial altar of Ru.
    19 | D        | Found a blossoming altar of Fedhas.
    19 | D        | Found a glowing silver altar of Zin.
    19 | D        | Found Epiunob's Do-It-Yourself Clinic.
    27 | D        | Found a radiant altar of Vehumet.
    27 | D        | Found a deep blue altar of Sif Muna.
    28 | D        | Found a glowing golden altar of the Shining One.
    29 | D        | Found an opulent altar of Gozag.
    29 | D        | Found a shadowy altar of Dithmenos.
    30 | D        | Found a corrupted altar of Lugonu.
    30 | D        | Found Neemm's Premium Goods.
    30 | D        | Found Eminies's Weapon Rack.
    31 | D        | Found a burning altar of Makhleb.
    31 | D        | Found Adiduv's Miscellaneous Merchandise.
    31 | D        | Found Beotekae's Basic Armour.
    37 | D        | Became a worshipper of Gozag Ym Sagoz the Greedy
    87 | D        | Reached skill level 5 in Summonings
   106 | D        | Found a basalt altar of Yredelemnul.
   107 | D        | Found a shimmering altar of Xom.
   108 | D        | Found Pokloon's Bee Food.
   109 | D        | Found Meur's Jewellery.
   109 | D        | Found Zomitz's Advanced Armour.
   113 | D        | Slain by an adder

Vault maps used:
D:        arena_sprint

Action                   || total
-------------------------++-------
Melee: Unarmed           ||    10
 Cast: Summon Small Mamm ||     3
